 Dungeon Crawl Stone Soup version 0.23.2 (webtiles) character file.

Game seed: 5079084212606974776

919 Fang the Skirmisher (level 8, -2/76 HPs)
             Began as a Gargoyle Berserker on Apr 1, 2019.
             Was a Priest of Trog.
             Slain by an orc warrior
             ... wielding a +0 scimitar
              (6 damage)
             ... on level 6 of the Dungeon.
             The game lasted 00:05:42 (5843 turns).

Fang the Skirmisher (Gargoyle Berserker)            Turns: 5843, Time: 00:05:43

Health: -2/76      AC: 15    Str: 27    XL:     8   Next: 9%
Magic:  8/8        EV: 10    Int: 13    God:    Trog [***...]
Gold:   229        SH:  0    Dex:  9    Spells: 7/7 levels left

rFire    . . .     SeeInvis .   v - +0 war axe
rCold    . . .     Gourm    .   (no shield)
rNeg     + . .     Faith    .   d - +0 chain mail
rPois    ∞         Spirit   .   (no helmet)
rElec    +         Reflect  .   (no cloak)
rCorr    .         Harm     .   (no gloves)
MR       .....                  (no boots)
Stlth    ..........             (no amulet)
HPRegen  0.22/turn              u - ring of the Lion {rElec rPois MR- Int+4}
MPRegen  0.11/turn              w - ring of stealth

@: berserking, very quick
A: negative energy resistance 1, electricity resistance, unbreathing,
petrification resistance, rot immunity, AC +5
a: Berserk, Trog's Hand, Renounce Religion


You were on level 6 of the Dungeon.
You worshipped Trog.
Trog was most pleased with you.
You were very hungry.

You visited 1 branch of the dungeon, and saw 6 of its levels.

You collected 229 gold pieces.

Inventory:

Hand Weapons
 v - a +0 war axe (weapon)
Armour
 d - a +0 chain mail (worn)
Jewellery
 u - the ring of the Lion (left hand) {rElec rPois MR- Int+4}
   (You found it on level 4 of the Dungeon)

   [ring of poison resistance]

   It affects your intelligence (+4).
   It insulates you from electricity.
   It protects you from poison.
   It affects your resistance to hostile enchantments.
 w - a ring of stealth (right hand)
 A - an uncursed ring of protection from cold
Wands
 l - a wand of iceblast (11)
Scrolls
 e - 4 scrolls of teleportation {unknown}
 h - 7 scrolls of identify {unknown}
 i - 2 scrolls of immolation {unknown}
 j - 4 scrolls of remove curse {unknown}
 p - a scroll of enchant armour {unknown}
 x - a scroll of blinking {unknown}
 y - a scroll of vulnerability {unknown}
Potions
 b - 3 potions of cancellation {unknown}
 f - a potion of flight {unknown}
 g - 3 potions of curing {unknown}
 k - 2 potions of lignification {unknown}
 m - 3 potions of haste {unknown}
 n - a potion of might {unknown}
 o - 2 potions of heal wounds {unknown}
 q - a potion of invisibility {unknown}
 r - a potion of magic {unknown}
 s - a potion of agility {unknown}
 t - a potion of degeneration {unknown}
 z - a potion of brilliance {unknown}
Comestibles
 c - 7 rations


   Skills:
 + Level 5.9 Fighting
 + Level 4.9 Axes
 + Level 5.2 Armour
 + Level 4.0 Dodging


You had 7 spell levels left.
You didn't know any spells.
Your spell library was empty.

Dungeon Overview and Level Annotations

Branches:
Dungeon (6/15)
 Temple: D:4-7

Altars:
Cheibriados
Dithmenos
Fedhas
Gozag
Hepliaklqana
Kikubaaqudgha
Ru
Sif Muna
Vehumet
Yredelemnul
The Shining One


Innate Abilities, Weirdness & Mutations

You are resistant to torment.
Your stone body is resilient. (AC +5)
You are immune to poison.
You resist negative energy. (rN+)
You are resistant to electric shocks. (rElec)
You can survive without breathing.
You are immune to petrification.
You are immune to rotting.


Message History

You are too injured to fight recklessly!
You are too injured to fight recklessly!
You are too injured to fight recklessly!
You are too injured to fight recklessly!
You are too injured to fight recklessly!
You are too injured to fight recklessly!
You are too injured to fight recklessly!
You are too injured to fight recklessly!
You are too injured to fight recklessly!
A red film seems to cover your vision as you go berserk!
You feel yourself moving faster!
You feel mighty!
You are feeling very hungry.
You slash the orc warrior!
The orc warrior is almost dead.
The orc warrior hits you with a +0 scimitar!
* * * LOW HITPOINT WARNING * * *
You hit the orc warrior.
The orc warrior is almost dead.
The orc warrior hits you with a +0 scimitar.
You die...

##### .##
...###
#....####....#
#.....!......#
..#.####.....#
#....<(....#
#......))..#
#......#@###
#####.##o#
.).##{#
o......#
#########


You could see an orc warrior.

Vanquished Creatures
  An ice beast (D:5)
  An ogre (D:4)
  A scorpion (D:5)
  A howler monkey (D:4)
  A crimson imp (D:5)
  A hound (D:4)
  2 bullfrog skeletons (D:5)
  2 centaur skeletons (D:5)
  A jelly (D:5)
  2 orc priests
  2 iguanas
  3 orc wizards
  2 worker ants (D:5)
  4 gnolls (D:4)
  3 adders
  A shadow imp (D:5)
  An ooze (D:6)
  6 worms
  2 dart slugs
  5 leopard geckos
  20 orcs
  A ball python (D:1)
  3 giant cockroaches
  5 goblins
  6 hobgoblins
  9 jackals
  2 quokkas
  4 bats
  7 frilled lizards
  7 kobolds
  11 rats
117 creatures vanquished.

Notes
Turn   | Place    | Note
-------+----------+-------------------------------------------
     0 | D:1      | Fang the Gargoyle Berserker began the quest for the Orb.
     0 | D:1      | Reached XP level 1. HP: 14/14 MP: 1/1
   300 | D:1      | Reached XP level 2. HP: 13/19 MP: 2/2
   588 | D:1      | Reached ** piety under Trog
   617 | D:1      | Reached XP level 3. HP: 21/23 MP: 3/3
  1604 | D:2      | Reached XP level 4. HP: 22/29 MP: 4/4
  2459 | D:3      | Found a sacrificial altar of Ru.
  2464 | D:3      | Found a snail-covered altar of Cheibriados.
  2464 | D:3      | Found an opulent altar of Gozag.
  2477 | D:3      | Found a shadowy altar of Dithmenos.
  2480 | D:3      | Found a hazy altar of Hepliaklqana.
  2654 | D:3      | You fall through a shaft!
  2654 | D:4      | Found a blossoming altar of Fedhas.
  2682 | D:4      | Found Pifyib's Distillery.
  2855 | D:4      | Reached XP level 5. HP: 19/33 MP: 5/5
  3205 | D:4      | Found a deep blue altar of Sif Muna.
  3209 | D:4      | Found an ancient bone altar of Kikubaaqudgha.
  3233 | D:4      | Reached *** piety under Trog
  3287 | D:4      | Reached XP level 6. HP: 35/39 MP: 6/6
  3626 | D:4      | Got a crude lapis lazuli ring
  3627 | D:4      | Identified the ring of the Lion {rElec rPois MR- Int+4}
                  | (You found it on level 4 of the Dungeon)
  3711 | D:4      | Reached skill level 5 in Fighting
  4044 | D:4      | Found a radiant altar of Vehumet.
  4069 | D:4      | Found a glowing golden altar of the Shining One.
  4072 | D:4      | Found a basalt altar of Yredelemnul.
  4075 | D:4      | Noticed a profane servitor
  4267 | D:4      | Noticed an angel
  4326 | D:5      | Entered Level 5 of the Dungeon
  4326 | D:5      | Noticed an ice beast
  4338 | D:5      | Reached XP level 7. HP: 23/44 MP: 7/7
  5398 | D:5      | Reached skill level 5 in Armour
  5458 | D:5      | Reached XP level 8. HP: 50/51 MP: 8/8
  5843 | D:6      | Slain by an orc warrior

Skill      XL: |  1  2  3  4  5  6  7  8 |
---------------+-------------------------+-----
Axes           | 3 4 |  4.9
Dodging        | 2 3 4 |  4.0
Armour         | 3 4 5 |  5.2
Fighting       | 4 5 |  5.9

Action                   |  1- 3 |  4- 6 |  7- 9 || total
-------------------------+-------+-------+-------++-------
Melee: Hand axe          |   183 |   233 |   185 ||   601
       War axe           |       |       |    13 ||    13
Invok: Berserk           |     1 |     2 |     3 ||     6
 Stab: Sleeping          |     1 |       |       ||     1
  Eat: Chunk             |     3 |     6 |     5 ||    14
       Ration            |       |     1 |     1 ||     2
Armor: Animal skin       |    45 |       |       ||    45
       Chain mail        |    44 |   176 |   154 ||   374
Dodge: Dodged            |   154 |    90 |   136 ||   380
